 Dungeon Crawl Stone Soup version 0.22.1-2-g9c5b331383 (webtiles) character file.

39 Marnok the Vandal (level 3, 0/24 HPs)
             Began as a Halfling Hunter on Nov 24, 2018.
             Slain by a gnoll
             ... wielding a +0 whip
              (4 damage)
             ... on level 1 of the Dungeon.
             The game lasted 00:06:41 (1177 turns).

Marnok the Vandal (Halfling Hunter)                 Turns: 1177, Time: 00:06:42

Health: 0/24       AC:  3    Str: 13    XL:     3   Next: 70%
Magic:  3/3        EV: 14    Int: 11    God:
Gold:   50         SH:  0    Dex: 15    Spells: 2/2 levels left

rFire    . . .     SeeInvis .   n - +0 dagger
rCold    . . .     Gourm    .   (shield restricted)
rNeg     . . .     Faith    .   c - +0 leather armour
rPois    .         Spirit   .   (no helmet)
rElec    .         Reflect  .   (no cloak)
rCorr    .         Harm     .   (no gloves)
MR       .....                  (no boots)
Stlth    ++........             (no amulet)
HPRegen  0.08/turn              (no ring)
MPRegen  0.08/turn              (no ring)

@: no status effects
A: small, claws 1, clever 1, mutation resistance 1
a: no special abilities


You were on level 1 of the Dungeon.
You were not hungry.

You visited 1 branch of the dungeon, and saw 2 of its levels.

You collected 50 gold pieces.

Inventory:

Hand Weapons
 a - a +1 hunting sling
 b - a +0 short sword
 n - a +0 dagger (weapon)
Missiles
 d - 16 sling bullets
 i - 59 stones (quivered)
 l - 12 poisoned needles
Armour
 c - a +0 leather armour (worn)
Jewellery
 e - an uncursed amulet of faith {unknown}
Scrolls
 k - a scroll of enchant weapon {unknown}
Potions
 m - a potion of flight
Comestibles
 f - 3 rations


   Skills:
 + Level 2.2 Fighting
 + Level 0.1 Short Blades
 + Level 6.9 Slings
 + Level 0.2 Armour
 + Level 2.3 Dodging
 + Level 1.1 Stealth


You had 2 spell levels left.
You didn't know any spells.
Your spell library was empty.

Dungeon Overview and Level Annotations

Branches:
Dungeon (2/15)

Altars:


Innate Abilities, Weirdness & Mutations

You are small and have problems with some larger weapons.
You are somewhat resistant to further mutation.
You have sharp fingernails.
Your mind is acute. (Int +2)


Message History

You see here a gnoll skeleton.
There is a stone staircase leading down, spattered with blood here.
You climb downwards.
The gnoll closely misses you.
There is a stone staircase leading up here.
You barely miss the gnoll. The gnoll hits you with a whip!
The gnoll shouts!
You barely miss the gnoll. The gnoll closely misses you.
The gnoll hits you with a whip. The gnoll hits you but does no damage.
You climb upwards.
There is a stone staircase leading down, spattered with blood here.
You hit the gnoll.
The gnoll is lightly wounded.
The gnoll hits you with a whip.
* * * LOW HITPOINT WARNING * * *
The gnoll hits you with a flail.
* * * LOW HITPOINT WARNING * * *
You feel extremely strange.
You feel stupid.
You feel clever.
Your fingernails lengthen.
The gnoll hits you with a whip.
You die...

........#.##...#.##.####.......##
........'..............†........+
.......>####...#.##.####.#...####
.......## ##..#.##.# #.#.......
#.....## ##......# #.##.###.#
##...## ###.#### #.##.....# ##+##
#.# ####.#.#.# ####### #g#
#........ ......## #@#
####.#.#.#.# .......## #g#
#......#.#.. ........## #.#
##.#.###.### #####....# #.#
#......<... ##...#######.#
##.#.###.### #####....#.......#
#......#.#.. ...^....##########
####.#.#.#.# .......## #........
......## ###.#.#.#


You could see 2 gnolls.

Vanquished Creatures
  2 gnolls (D:1)
  An ooze (D:1)
  A dart slug (D:1)
  2 goblins (D:1)
  2 hobgoblins (D:1)
  2 jackals (D:1)
  A bat (D:1)
  A kobold (D:1)
  4 rats (D:1)
16 creatures vanquished.

Notes
Turn   | Place    | Note
-------+----------+-------------------------------------------
     0 | D:1      | Marnok the Halfling Hunter began the quest for the Orb.
     0 | D:1      | Reached XP level 1. HP: 14/14 MP: 1/1
   185 | D:1      | Reached skill level 6 in Slings
   261 | D:1      | Reached XP level 2. HP: 19/19 MP: 2/2
   649 | D:1      | Reached XP level 3. HP: 24/24 MP: 3/3
   855 | D:1      | HP: 1/24 [gnoll (8)]
   857 | D:1      | Gained mutation: Your mind is acute. (Int +2) [potion of
                  | mutation]
  1177 | D:1      | Lost mutation: Your mind is acute. (Int +2) [potion of
                  | mutation]
  1177 | D:1      | Gained mutation: Your mind is acute. (Int +2) [potion of
                  | mutation]
  1177 | D:1      | Gained mutation: You have sharp fingernails. [potion of
                  | mutation]
  1177 | D:1      | Slain by a gnoll

Skill      XL: |  1 |
---------------+----+-----
Slings         | 6 |  6.9
Fighting       | 2 |  2.2
Short Blades   | |  0.1
Armour         | |  0.2
Dodging        | |  2.3
Stealth        | |  1.1

Action                   || total
-------------------------++-------
Melee: Dagger            ||    28
 Fire: Hunting sling     ||    33
  Use: Potion            ||     4
       Scroll            ||     1
  Eat: Ration            ||     1
Armor: Leather armour    ||     7
Dodge: Dodged            ||    62
